 Dungeon Crawl Stone Soup version 0.23-a0-393-g6e9e0f2 (webtiles) character file.

82578 MTVSty1e the Executioner (level 15, -16/144 HPs)
             Began as a Minotaur Fighter on Oct 31, 2018.
             Was the Champion of Okawaru.
             Demolished by a very large slime creature (43 damage)
             ... on level 14 of the Dungeon.
             The game lasted 00:40:15 (26616 turns).

MTVSty1e the Executioner (Minotaur Fighter)        Turns: 26616, Time: 00:40:16

Health: -16/144    AC: 20    Str: 27    XL:     15   Next: 29%
Magic:  22/22      EV:  5    Int:  5    God:    Okawaru [******]
Gold:   1660       SH: 13    Dex: 10    Spells: 14/14 levels left

rFire    + . .     SeeInvis .   P - +2 broad axe (chop)
rCold    . . .     Gourm    .   c - +0 shield
rNeg     . . .     Faith    .   w - +1 plate armour
rPois    +         Spirit   .   J - +0 hat
rElec    .         Reflect  +   R - +1 cloak
rCorr    .         Harm     .   (no gloves)
MR       +....                  z - +0 pair of boots
Stlth    ..........             I - +3 amulet of reflection
HPRegen  0.34/turn              k - ring of poison resistance
MPRegen  0.18/turn              H - ring of protection from fire

@: liquid flames, glowing
A: retaliatory headbutt, horns 2
a: Heroism, Finesse, Renounce Religion


You were on level 14 of the Dungeon.
You worshipped Okawaru.
Okawaru was exalted by your worship.
You were not hungry.

You visited 3 branches of the dungeon, and saw 21 of its levels.

You collected 1660 gold pieces.

Inventory:

Hand Weapons
 N - the +8 whip "Snakebite" {curare, rPois}
   (You found it on level 1 of the Lair of Beasts)

   It poisons the flesh of those it strikes.
   It protects you from poison.
 P - a +2 broad axe of chopping (weapon)
Armour
 c - a +0 shield (worn)
 w - a +1 plate armour (worn)
 z - a +0 pair of boots (worn)
 J - a +0 hat (worn)
 R - a +1 cloak (worn)
Jewellery
 k - a ring of poison resistance (left hand)
 H - a ring of protection from fire (right hand)
 I - a +3 amulet of reflection (around neck)
 O - a cursed amulet of faith {unknown}
 Q - an uncursed amulet of magic regeneration {unknown}
Wands
 d - a wand of disintegration (7)
 i - a wand of flame (23)
 m - a wand of random effects (45)
 q - a wand of polymorph (23)
 y - a wand of enslavement (20)
 B - a wand of paralysis (18)
 G - a wand of acid (6)
Scrolls
 a - 2 scrolls of brand weapon
 j - 3 scrolls of fear
 o - a scroll of magic mapping
 s - 7 scrolls of remove curse
 u - a scroll of silence
 v - 3 scrolls of enchant armour
 D - a scroll of blinking
 F - a scroll of fog
 K - 2 scrolls of amnesia
 L - 2 scrolls of teleportation
 S - 2 scrolls of identify
Potions
 b - 3 potions of resistance
 e - a potion of haste
 g - 10 potions of curing
 h - a potion of mutation
 l - a potion of magic {unknown}
 n - 6 potions of invisibility
 p - 3 potions of lignification
 r - 5 potions of heal wounds
 t - 5 potions of cancellation
 x - 4 potions of flight
 A - 2 potions of brilliance
 C - a potion of berserk rage {unknown}
 E - 2 potions of ambrosia
Comestibles
 f - 24 rations


   Skills:
 + Level 16.0 Fighting
 * Level 21.1 Axes
 + Level 11.2 Armour
 - Level 3.6 Shields
 + Level 11.0 Invocations


You had 14 spell levels left.
You didn't know any spells.
Your spell library contained the following spells:

 Spells                   Type           Power        Failure   Level  Hunger
 Apportation              Tloc           #.....       100%        1    ##.....
 Beastly Appendage        Tmut           #.....       100%        1    ##.....
 Flame Tongue             Conj/Fire      #....        100%        1    ##.....
 Magic Dart               Conj           #...         100%        1    ##.....
 Summon Butterflies       Summ           #.......     100%        1    ##.....
 Blink                    Tloc           N/A          100%        2    ###....
 Call Imp                 Summ           #.......     100%        2    ###....
 Corpse Rot               Necr           N/A          100%        2    ###....
 Slow                     Hex            #.......     100%        2    ###....
 Sticks to Snakes         Tmut           #.......     100%        2    ###....
 Sublimation of Blood     Necr           #.........   100%        2    ###....
 Throw Flame              Conj/Fire      #.....       100%        2    ###....
 Conjure Flame            Conj/Fire      #.......     100%        3    ####...
 Ignite Poison            Fire/Tmut/Pois #.......     100%        3    ####...
 Inner Flame              Hex/Fire       #.......     100%        3    ####...
 Lesser Beckoning         Tloc           #.........   100%        3    ####...
 Mephitic Cloud           Conj/Pois/Air  #.......     100%        3    ####...
 Spider Form              Tmut/Pois      #.........   100%        3    ####...
 Stone Arrow              Conj/Erth      #.....       100%        3    ####...
 Tukima's Dance           Hex            #.......     100%        3    ####...
 Ice Form                 Ice/Tmut       #.......     100%        4    #####..
 Leda's Liquefaction      Hex/Erth       #.........   100%        4    #####..
 Petrify                  Tmut/Erth      #.......     100%        4    #####..
 Sticky Flame             Conj/Fire      #.......     100%        4    #####..
 Alistair's Intoxication  Tmut/Pois      #.......     100%        5    ######.
 Blade Hands              Tmut           #.........   100%        5    ######.
 Fireball                 Conj/Fire      #.........   100%        5    ######.
 Irradiate                Conj/Tmut      #.........   100%        5    ######.
 Summon Forest            Summ/Tloc      #.........   100%        5    ######.
 Hydra Form               Tmut           #.........   100%        6    #######
 Invisibility             Hex            #.......     100%        6    #######
 Summon Hydra             Summ           #.........   100%        7    #######


Dungeon Overview and Level Annotations

Branches:
Dungeon (14/15)            Temple (1/1) D:7            Lair (6/6) D:9
 Shoals (0/4) Lair:2       Spider (0/4) Lair:2        Slime (0/5) Lair:5
    Orc (0/2) D:11         Vaults (0/5) D:13

Altars:
Ashenzari
Cheibriados
Dithmenos
Elyvilon
Fedhas
Gozag
Hepliaklqana
Kikubaaqudgha
Makhleb
Nemelex Xobeh
Okawaru
Qazlal
Ru
Sif Muna
Trog
Uskayaw
Vehumet
Wu Jian
Xom
Yredelemnul
Zin
The Shining One
Beogh
Jiyva

Shops:
D:7 [   D:9 :

Annotations:
D:7 exclusion: oklob plant
D:11 3 runed doors, Dissent's ghost, journeyman DsWn; coffeespoons's ghost, journeyman HaHu; derval's ghost, novice DEIE; melvinkitnick's ghost, journeyman MfGl; namelastname112's ghost, journeyman DrWn
D:12 2 runed doors, Koes's ghost, journeyman DrNe
Lair:5 2 transporters, Xoiguqo's ghost, journeyman OgTm


Innate Abilities, Weirdness & Mutations

You reflexively headbutt those who attack you in melee.
You have a pair of horns on your head.


Message History

You block the fire elemental's attack.
The slime creature hits you but does no damage.
The deep elf mage barely misses you.
The large slime creature hits you but does no damage.
You feel much better.
You are covered in liquid flames!
* * * LOW HITPOINT WARNING * * *
You block the fire elemental's attack.
The very large slime creature barely misses you.
You furiously retaliate!
You headbutt the very large slime creature!
The fire elemental barely misses you. The large slime creature hits you!!
* * * LOW HITPOINT WARNING * * *
You block the slime creature's attack.
You feel much better.
You are covered in liquid flames!
You block the fire elemental's attack. x2
The deep elf mage casts a spell.
The very large slime creature hits you!!!
You die...

#[....# ...
##..### ......
#######..###......
#......).......)..
#.................
#..PP.P...PPP.PP..
#..PP.P?..§E..P.P.
#. P..P..EJe......
# PPPP...@J......
...PP...EJ.⌠....
..P.........a....
PP.P...P.......


PP............. ................ ........PP...... ....... ....... You could see
a very large slime creature, a large slime creature, a slime creature, a deep
elf mage, 3 fire elementals and a worker ant.

Vanquished Creatures
  Kirke (Lair:6)
  3 vault guards (D:13)
  3 hydras (Lair:5)
  A merfolk avatar (Lair:6)
  A two-headed ogre (D:8)
  6 death yaks
  4 slime creatures
  4 swamp dragons (Lair:2)
  2 wizards (D:13)
  4 unseen horrors
  A necromancer (D:13)
  A wolf spider zombie (D:12)
  4 harpies
  A harpy (shapeshifter) (D:14)
  2 deep elf magi
  8 ugly things
  A cyclops (D:11)
  A merfolk siren (Lair:2)
  A manticore (Lair:6)
  10 black mambas
  18 elephants (Lair:6)
  2 torpor snails
  3 gargoyles
  15 spiny frogs
  14 rime drakes
  8 komodo dragons
  A troll (D:10)
  10 polar bears
  2 wind drakes (Lair:6)
  7 jumping spiders (Lair:2)
  A hornet (Lair:6)
  4 merfolk
  19 blink frogs
  2 dream sheep (Lair:6)
  8 hippogriffs
  3 redbacks
  Sigmund (D:2)
  A shadow (D:13)
  6 hogs (Lair:6)
  42 yaks
  3 fire bats (Lair:6)
  3 basilisks
  3 wyverns
  2 wraiths
  19 humans (D:13)
  2 hungry ghosts
  8 steam dragons (Lair:3)
  4 vampire mosquitoes (D:13)
  A soldier ant (D:13)
  2 acid dragons
  16 water moccasins
  4 porcupines
  6 orc warriors
  2 sky beasts
  2 ice beasts
  A hornet zombie (D:13)
  6 ogres
  3 phantoms
  6 wolves (Lair:3)
  15 centaurs
  An eye of draining (D:12)
  16 crocodiles
  A big kobold (D:7)
  17 bullfrogs
  3 scorpions
  8 killer bees
  2 vampire bats (D:2)
  8 wights
  A centaur zombie (D:6)
  A howler monkey (D:13)
  A bullfrog zombie (D:8)
  8 crimson imps
  12 hounds
  13 orc priests
  20 orc wizards
  A gnoll shaman (D:8)
  Crazy Yiuf (D:4)
  3 centaur skeletons
  6 jellies
  4 bullfrog skeletons
  8 iguanas
  12 worker ants
  A killer bee zombie (D:10)
  A hound zombie (D:10)
  A hound skeleton (D:9)
  A howler monkey zombie (D:9)
  12 gnolls
  18 adders
  A worker ant zombie (D:5)
  A shadow imp (D:12)
  4 oozes
  5 adder skeletons
  2 worms
  3 dart slugs
  4 leopard geckos
  61 orcs
  3 bat skeletons (D:2)
  3 bat zombies (D:2)
  8 giant cockroaches
  4 goblins
  4 hobgoblins
  7 jackals
  4 quokkas
  5 bats
  5 frilled lizards
  11 kobolds
  A leopard gecko skeleton (D:6)
  A leopard gecko zombie (D:7)
  6 rats
  A bush (D:14)
  3 fungi
  A plant (Lair:6)
663 creatures vanquished.

Vanquished Creatures (others)
  A cyclops (D:13)
  A blink frog (Lair:3)
  12 bushes (D:14)
  23 fungi
  24 plants
  13 toadstools (D:7)
74 creatures vanquished.

Grand Total: 737 creatures vanquished

Notes
Turn   | Place    | Note
-------+----------+-------------------------------------------
     0 | D:1      | MTVSty1e the Minotaur Fighter began the quest for the Orb.
     0 | D:1      | Reached XP level 1. HP: 19/19 MP: 0/0
    77 | D:1      | Reached skill level 3 in Axes
   106 | D:1      | Reached XP level 2. HP: 25/27 MP: 1/1
   244 | D:1      | Reached XP level 3. HP: 26/33 MP: 2/2
   374 | D:1      | Reached skill level 4 in Axes
  1023 | D:2      | Found an ancient bone altar of Kikubaaqudgha.
  1035 | D:2      | Reached XP level 4. HP: 33/41 MP: 3/3
  1038 | D:2      | Reached skill level 5 in Axes
  1038 | D:2      | Reached XP level 5. HP: 38/47 MP: 4/4
  1194 | D:2      | Reached skill level 5 in Fighting
  1316 | D:2      | Noticed Sigmund
  1325 | D:2      | Killed Sigmund
  1325 | D:2      | Reached skill level 6 in Axes
  1325 | D:2      | Reached XP level 6. HP: 56/56 MP: 5/5
  1809 | D:3      | Found a burning altar of Makhleb.
  1839 | D:3      | Found a shattered altar of Ashenzari.
  2232 | D:4      | Reached skill level 7 in Axes
  2531 | D:4      | Reached XP level 7. HP: 56/63 MP: 6/6
  2532 | D:4      | Found a bloodstained altar of Trog.
  2700 | D:4      | Reached skill level 8 in Axes
  2933 | D:4      | Found a runed door.
  3123 | D:4      | Noticed Crazy Yiuf
  3126 | D:4      | Killed Crazy Yiuf
  3179 | D:5      | Entered Level 5 of the Dungeon
  3206 | D:5      | Found an opulent altar of Gozag.
  3281 | D:5      | Reached skill level 9 in Axes
  3360 | D:5      | Reached XP level 8. HP: 73/73 MP: 7/7
  3639 | D:5      | Reached skill level 10 in Axes
  4254 | D:6      | Reached skill level 11 in Axes
  4408 | D:7      | Reached XP level 9. HP: 68/82 MP: 8/8
  4689 | D:7      | Found an iron altar of Okawaru.
  4718 | D:7      | Found a staircase to the Ecumenical Temple.
  4727 | Temple   | Entered the Ecumenical Temple
  4916 | D:7      | Reached skill level 12 in Axes
  5124 | D:7      | Found Evakh's Armour Boutique.
  5190 | D:7      | Found a blossoming altar of Fedhas.
  5201 | D:7      | Noticed an oklob plant
  5842 | D:8      | Reached skill level 10 in Fighting
  5845 | D:8      | Reached skill level 13 in Axes
  6008 | D:8      | Noticed a tengu warrior
  6014 | D:8      | Noticed a kobold demonologist
  6087 | D:8      | Noticed a two-headed ogre
  6096 | D:8      | Killed a two-headed ogre
  6096 | D:8      | Reached XP level 10. HP: 35/94 MP: 9/9
  6631 | D:7      | Became a worshipper of Warmaster Okawaru
  6677 | D:9      | Found a sparkling altar of Nemelex Xobeh.
  6898 | D:9      | Found a staircase to the Lair.
  6990 | D:9      | Reached skill level 14 in Axes
  7412 | D:9      | Found Imuywk's Book Boutique.
  7647 | D:9      | Reached skill level 1 in Invocations
  7878 | D:10     | Entered Level 10 of the Dungeon
  7893 | D:10     | Reached * piety under Okawaru
  8621 | D:10     | Found a runed door.
  9448 | D:10     | Reached skill level 15 in Axes
  9459 | D:10     | Reached ** piety under Okawaru
  9678 | D:10     | Noticed a gargoyle
  9686 | D:10     | Killed a gargoyle
 10096 | D:11     | Found a runed gate.
 10096 | D:11     | Found a runed gate.
 10097 | D:11     | Found a runed gate.
 10098 | D:11     | Noticed derval's ghost (novice DEIE)
 10098 | D:11     | Noticed Dissent's ghost (journeyman DsWn)
 10099 | D:11     | Noticed namelastname112's ghost (journeyman DrWn)
 10099 | D:11     | Noticed melvinkitnick's ghost (journeyman MfGl)
 10099 | D:11     | Noticed coffeespoons's ghost (journeyman HaHu)
 10258 | D:10     | Reached XP level 11. HP: 31/104 MP: 12/12
 11137 | D:10     | Killed an unseen horror
 11344 | D:10     | Found a roughly hewn altar of Beogh.
 11542 | D:11     | Reached *** piety under Okawaru
 11606 | D:11     | Killed an unseen horror
 11702 | D:11     | Reached skill level 16 in Axes
 11702 | D:11     | Reached skill level 5 in Invocations
 11986 | D:11     | Reached **** piety under Okawaru
 11998 | D:11     | Found a staircase to the Orcish Mines.
 12472 | D:11     | Noticed a cyan ugly thing
 12472 | D:11     | Noticed a cyan ugly thing
 12486 | D:11     | Killed a green ugly thing
 12491 | D:11     | Killed a cyan ugly thing
 13250 | D:12     | Noticed a deep elf mage
 13261 | D:12     | Killed a deep elf mage
 13343 | D:12     | Found a runed door.
 13346 | D:12     | Found a runed door.
 13348 | D:12     | Noticed a phantasmal warrior
 13348 | D:12     | Noticed a deep troll earth mage
 13349 | D:12     | Noticed a necromancer
 13349 | D:12     | Noticed a lich
 13350 | D:12     | Noticed Koes's ghost (journeyman DrNe)
 13350 | D:12     | Noticed a skeletal warrior
 13357 | D:12     | Noticed a white ugly thing
 13369 | D:12     | Killed a white ugly thing
 13597 | D:12     | Killed an unseen horror
 13597 | D:12     | Reached ***** piety under Okawaru
 13829 | D:12     | Got a smoking war axe
 13830 | D:12     | Identified the cursed +2 war axe of the Cup {elec, MR+
                  | Str+4 Int+4} (You found it on level 12 of the Dungeon)
 13936 | D:12     | Received a gift from Okawaru
 13964 | D:12     | Reached XP level 12. HP: 111/113 MP: 15/15
 14005 | D:12     | Reached skill level 17 in Axes
 14133 | D:12     | Found a burning altar of Makhleb.
 14133 | D:12     | Noticed a cacodemon
 14677 | D:12     | Noticed an emperor scorpion
 15154 | D:13     | Reached skill level 5 in Armour
 15192 | D:13     | Found a gate to the Vaults.
 15192 | D:13     | Noticed a vault guard
 15192 | D:13     | Noticed a vault guard
 15192 | D:13     | Noticed a vault guard
 15200 | D:13     | Killed a vault guard
 15220 | D:13     | Killed a vault guard
 15220 | D:13     | Received a gift from Okawaru
 15233 | D:13     | Killed a vault guard
 15233 | D:13     | Reached skill level 18 in Axes
 16269 | D:13     | Received a gift from Okawaru
 16269 | D:13     | Reached XP level 13. HP: 123/123 MP: 18/18
 16270 | D:13     | Found the +8 frozen axe "Frostbite" {freezing cloud, *Noise
                  | +Fly rC+}
 16425 | Lair:1   | Entered Level 1 of the Lair of Beasts
 16427 | Lair:1   | Found the +8 whip "Snakebite" {curare, rPois}
 17824 | Lair:2   | You fall through a shaft for 2 floors!
 18428 | Lair:5   | Found a transporter.
 18472 | Lair:5   | Noticed Xoiguqo's ghost (journeyman OgTm)
 18474 | Lair:5   | Found a transporter.
 18805 | Lair:5   | Found a staircase to the Slime Pits.
 18806 | Lair:5   | Found a viscous altar of Jiyva.
 19104 | Lair:5   | Received a gift from Okawaru
 19458 | Lair:5   | Reached skill level 19 in Axes
 19887 | Lair:6   | Entered Level 6 of the Lair of Beasts
 19891 | Lair:6   | Reached ****** piety under Okawaru
 20690 | Lair:6   | Received a gift from Okawaru
 21187 | Lair:6   | Reached XP level 14. HP: 86/133 MP: 20/20
 21602 | Lair:6   | Reached skill level 15 in Fighting
 22415 | Lair:6   | Reached skill level 20 in Axes
 22421 | Lair:6   | Noticed Kirke
 22434 | Lair:6   | Killed Kirke
 22434 | Lair:6   | Reached skill level 10 in Invocations
 22485 | Lair:6   | Received a gift from Okawaru
 22643 | Lair:6   | Reached skill level 10 in Armour
 23724 | Lair:3   | Received a gift from Okawaru
 24933 | Lair:2   | Found a transporter.
 25066 | Lair:2   | Found a transporter.
 25074 | Lair:2   | Reached XP level 15. HP: 114/143 MP: 15/22
 25573 | Lair:2   | Found a staircase to the Shoals.
 25952 | Lair:2   | Identified a scroll of acquirement
 25962 | Lair:2   | Found a hole to the Spider Nest.
 26353 | D:14     | Reached skill level 21 in Axes
 26609 | D:14     | Received a gift from Okawaru
 26616 | D:14     | Demolished by a very large slime creature

Vault maps used:
D:1:      dpeg_arrival_castle
D:2:      kennysheep_vampire_church, uniq_sigmund
D:3:      ashenzari_altar_1, lemuel_coloured_pillars_altar, minivault_19,
          kennysheep_generic_room_14
D:4:      bloody_trog, uniq_crazy_yiuf_cottage
D:5:      lemuel_crystal_altar, first_ration, grunt_ministairs_7
D:6:      minmay_diamond_boxcup
D:7:      tgw_fedhas, nicolae_overflow_hidden_temple,
          minmay_temple_entry_junction, serial_shops, shop, grunt_potential
D:8:      serial_gnoll_camp, gnoll_camp_mini_house, gnoll_camp_mini_loothouse,
          gnoll_camp_mini_hut, gnoll_camp_mini_doghouse,
          onia_ninara_dug_in_and_dangerous
D:9:      nemelex_xobeh_ov_fountains_minmay, dpeg_oklobed_lair, serial_shops,
          shop, hangedman_fish_farm
D:10:     lightli_church_of_beogh
D:11:     erik_orc_4, gammafunk_ghost_cemetery
D:12:     muffindrake_ghost_dual_entry, makhleb_altar_promises_db
D:13:     grunt_vaults_entry_tiered, lab_entry_generic
D:14:     minmay_smoke_and_mirrors, basic_altar, serial_park_paths
Temple:   jpeg_temple_clearing
Lair:1:   grunt_megastairs_5
Lair:2:   gammafunk_cloud_chamber, elwin_shoals_entry_stream,
          nicolae_spider_entry_tight_spaces
Lair:3:   bobbens_dragon_lair_wall
Lair:4:   statuecave_lemuel
Lair:5:   slime_altar_1, gammafunk_ghost_arena, nzn_random_ring
Lair:6:   gammafunk_lair_ancient_temple, nicolae_volcano_entry_batcave,
          uniq_kirke

Skill      XL: |  1  2  3  4  5  6  7  8  9 10 11 12 13 14 15 |
---------------+----------------------------------------------+-----
Axes           | 3 4 5 6 7 9 11 13 15 16 18 19 20 21 | 21.1
Fighting       | 4 5 6 7 8 10 11 12 13 14 15 16 | 16.0
Invocations    | 3 6 8 9 10 11 | 11.0
Armour         | 6 8 10 11 | 11.2
Shields        | |  3.6

Action                   |  1- 3 |  4- 6 |  7- 9 | 10-12 | 13-15 || total
-------------------------+-------+-------+-------+-------+-------++-------
Melee: War axe           |   102 |   115 |   347 |   650 |   228 ||  1442
       Headbutt          |    11 |    18 |    63 |   146 |   166 ||   404
       Broad axe         |       |       |       |       |   481 ||   481
       Whip              |       |       |       |       |    20 ||    20
Invok: Heroism           |       |       |       |     3 |     5 ||     8
       Finesse           |       |       |       |     1 |     1 ||     2
 Abil: Evoke Berserk Rag |       |       |       |     1 |       ||     1
  Use: Potion            |       |     1 |     2 |     3 |     6 ||    12
       Scroll            |       |     1 |    16 |    13 |     7 ||    37
  Eat: Ration            |     1 |     1 |     3 |    11 |     8 ||    24
       Chunk             |       |       |       |       |     3 ||     3
Armor: Scale mail        |    56 |    13 |       |       |       ||    69
       Plate armour      |       |    53 |   166 |   340 |   448 ||  1007
Dodge: Dodged            |    31 |    25 |    43 |    71 |   153 ||   323
Block: Shield            |    61 |    50 |   145 |   279 |   486 ||  1021
       Reflection        |       |       |       |     6 |     8 ||    14

Table legend:
 A = Non-vault XP
 B = Vault XP
 C = Vault XP percentage of total XP
 D = Non-vault monster count
 E = Vault monster count
 F = Vault count percentage of total count
                 A         B        C        D         E       F
            +---------+---------+-------+---------+---------+-------
      Total |   73126 |   44843 |  38.0 |     469 |     191 |  28.9
            +---------+---------+-------+---------+---------+-------
        D:1 |      71 |       0 |   0.0 |      26 |       0 |   0.0
        D:2 |      31 |     353 |  91.9 |      12 |       9 |  42.9
        D:3 |      66 |       4 |   5.7 |      11 |       2 |  15.4
        D:4 |     542 |      40 |   6.9 |      26 |       1 |   3.7
        D:5 |     761 |       1 |   0.1 |      25 |       1 |   3.8
        D:6 |     570 |      92 |  13.9 |      13 |       3 |  18.8
        D:7 |     851 |     393 |  31.6 |      20 |      10 |  33.3
        D:8 |    1789 |     334 |  15.7 |      22 |      15 |  40.5
        D:9 |     907 |     274 |  23.2 |      25 |       1 |   3.8
       D:10 |    4383 |     187 |   4.1 |      30 |      14 |  31.8
       D:11 |    5410 |     506 |   8.6 |      41 |      16 |  28.1
       D:12 |    5676 |       0 |   0.0 |      28 |       0 |   0.0
       D:13 |    6189 |    8711 |  58.5 |      36 |      25 |  41.0
       D:14 |    5840 |       0 |   0.0 |      19 |       0 |   0.0
     Lair:1 |    5252 |     229 |   4.2 |      20 |       1 |   4.8
     Lair:2 |    4362 |    7601 |  63.5 |      19 |      19 |  50.0
     Lair:3 |    7779 |    5573 |  41.7 |      36 |      20 |  35.7
     Lair:4 |     934 |       0 |   0.0 |       5 |       0 |   0.0
     Lair:5 |    2925 |    6393 |  68.6 |       8 |      14 |  63.6
     Lair:6 |   18788 |   14152 |  43.0 |      47 |      40 |  46.0
            +---------+---------+-------+---------+---------+-------
